 Dungeon Crawl Stone Soup version 0.25-a0-62-g88673ef095 (webtiles) character file.

Game seed: 5890687759616516986, levelgen mode: deterministic

31005 Amnesiac the Deadly Accurate (level 13, -4/115 HPs)
             Began as a Troll Hunter on Oct 30, 2019.
             Was a High Priest of Okawaru.
             Killed by divine providence
             ... invoked by an orc high priest
              (14 damage)
             ... on level 11 of the Dungeon.
             The game lasted 00:51:59 (13100 turns).

Amnesiac the Deadly Accurate (Troll Hunter)        Turns: 13100, Time: 00:52:00

Health: -4/115     AC:  9    Str: 27      XL:     13   Next: 23%
Magic:  17/17      EV:  7    Int:  7 (13) God:    Okawaru [*****.]
Gold:   1291       SH: 15    Dex: 10      Spells: 6/12 levels left

rFire    . . .     SeeInvis .   M - +3 hunting sling (chaos)
rCold    . . .     Gourm    +   v - +0 large shield
rNeg     + . .     Faith    .   P - +2 robe {rN+}
rPois    .         Spirit   .   i - +1 hat {Int+3}
rElec    .         Reflect  .   (no cloak)
rCorr    .         Harm     .   (gloves unavailable)
MR       .....                  (boots unavailable)
Stlth    +.........             (no amulet)
HPRegen  0.69/turn              B - +2 ring of slaying
MPRegen  0.15/turn              H - +3 ring of intelligence

@: no status effects
A: large, unfitting armour, claws 3, fast metabolism 3, gourmand, regeneration
1, shaggy fur 1, tough skin 3
a: Heroism, Finesse, Renounce Religion


You were on level 11 of the Dungeon.
You worshipped Okawaru.
Okawaru was extremely pleased with you.
You were not hungry.

You visited 3 branches of the dungeon, and saw 14 of its levels.

You collected 1739 gold pieces.
You spent 448 gold pieces at shops.

Inventory:

Hand Weapons
 M - a +3 hunting sling of chaos (weapon)
Missiles
 e - 157 stones (quivered)
 j - 2 throwing nets
 n - 66 sling bullets
 y - 14 large rocks
 F - 45 poisoned darts
 L - 10 atropa-tipped darts
 N - 5 javelins
 O - 8 curare-tipped darts
 Q - 2 boomerangs of dispersal
 R - 6 silver javelins
Armour
 i - a +1 hat of intelligence (worn)
 v - a +0 large shield (worn)
 P - a +2 robe of positive energy (worn)
Jewellery
 h - an uncursed ring of protection from cold
 p - an uncursed ring of wizardry
 w - a +1 ring of evasion
 B - a +2 ring of slaying (left claw)
 H - a +3 ring of intelligence (right claw)
 K - an uncursed ring of fire
Wands
 b - a wand of iceblast (7)
 g - a wand of random effects (10)
 t - a wand of enslavement (9)
 z - a wand of paralysis (7)
 S - a wand of polymorph (11)
Scrolls
 d - 9 scrolls of teleportation {!r}
 u - a scroll of remove curse {!r}
 D - a scroll of magic mapping {!r}
 G - 2 scrolls of noise {!r}
 U - a scroll of enchant armour {!r}
Potions
 a - a potion of flight {!q, unknown}
 c - 5 potions of haste {!q}
 k - 6 potions of agility {!q}
 l - 3 potions of lignification {!q}
 o - 4 potions of curing {!q}
 r - a potion of resistance {!q, unknown}
 s - a potion of mutation {!q}
 x - 2 potions of brilliance {!q}
 C - 3 potions of cancellation {!q}
 E - 4 potions of heal wounds {!q}
 I - 2 potions of might {!q, unknown}
 J - 2 potions of berserk rage {!q, unknown}
 T - a potion of magic {!q}
Miscellaneous
 m - a phial of floods
 V - a sack of spiders
Comestibles
 f - 18 rations


   Skills:
 + Level 4.3 Fighting
 + Level 16.0 Throwing
 + Level 4.3 Armour
 + Level 4.4 Dodging
 - Level 0.3 Stealth
 + Level 4.3 Shields
 * Level 7.0 Invocations
 - Level 4.0 Evocations


You had 6 spell levels left.
You knew the following spells:

 Your Spells              Type           Power        Failure   Level  Hunger
e - Confuse               Hex            #.......     100%        3    ####...
w - Tukima's Dance        Hex            #.......     100%        3    ####...

Your spell library contained the following spells:

 Spells                   Type           Power        Failure   Level  Hunger
 Corona                   Hex            #......      99%         1    ##.....
 Ensorcelled Hibernation  Hex/Ice        #.....       100%        2    ###....
 Dazzling Spray           Conj/Hex       #.....       100%        3    ####...


Dungeon Overview and Level Annotations

Branches:
Dungeon (11/15)            Temple (1/1) D:7            Lair (0/6) D:9
    Orc (2/2) D:9             Elf (0/3) Orc:2

Altars:
Fedhas
Hepliaklqana
Makhleb
Okawaru
Qazlal
Uskayaw
Wu Jian
Yredelemnul
Beogh

Shops:
D:7 (   D:9 !   Orc:2 :%::

Annotations:
D:11 1 transporter


Innate Abilities, Weirdness & Mutations

You are too large for most types of armour.
You have claws for hands.
Your metabolism is lightning-fast.
You like to eat raw meat.
Your natural rate of healing is unusually fast.
You are covered in fur. (AC +1)
You have extremely tough skin. (AC +3)


Message History

The stone closely misses the orc high priest.
The stone barely misses the iron imp.
The orc knight barely misses you.
Firing (i - inventory. (/) - cycle)
e - 165 stones (quivered)
Press: ? - help, Shift-Dir - straight line, f/p - orc high priest
Aim: an orc high priest, wielding a +0 glaive and wearing a +0 scale mail (lightly wounded, unusually strong)
You shoot a stone.
The stone hits the sun demon but does no damage.
The sun demon seems to slow down.
Firing (i - inventory. (/) - cycle)
e - 164 stones (quivered)
Press: ? - help, Shift-Dir - straight line, f/p - orc high priest
Aim: an orc high priest, wielding a +0 glaive and wearing a +0 scale mail (lightly wounded, unusually strong)
You shoot a stone. The stone hits the sun demon.
The sun demon convulses.
The sun demon is lightly wounded.
The orc high priest utters an invocation to Beogh.
You block the orc knight's attack.
Firing (i - inventory. (/) - cycle)
e - 163 stones (quivered)
Press: ? - help, Shift-Dir - straight line, f/p - orc high priest
Aim: an orc high priest, wielding a +0 glaive and wearing a +0 scale mail (lightly wounded, unusually strong)
You shoot a stone. The stone closely misses the sixfirhy.
The stone hits the sun demon but does no damage.
The sun demon is lightly wounded.
You block the orc knight's attack.
Firing (i - inventory. (/) - cycle)
e - 162 stones (quivered)
Press: ? - help, Shift-Dir - straight line, f/p - orc high priest
Aim: an orc high priest, wielding a +0 glaive and wearing a +0 scale mail (lightly wounded, unusually strong)
You shoot a stone. The stone hits the sixfirhy!
The stone freezes the sixfirhy.
The sixfirhy is heavily wounded.
Firing (i - inventory. (/) - cycle)
e - 161 stones (quivered)
Press: ? - help, Shift-Dir - straight line, f/p - orc high priest
Aim: an orc high priest, wielding a +0 glaive and wearing a +0 scale mail (lightly wounded, unusually strong)
You shoot a stone. The stone hits the sixfirhy.
The sixfirhy is heavily wounded.
The neqoxec gestures at you.
You feel dopey. Something feeds on your intellect!
You block the orc knight's attack.
Firing (i - inventory. (/) - cycle)
e - 160 stones (quivered)
Press: ? - help, Shift-Dir - straight line, f/p - orc high priest
Aim: an orc high priest, wielding a +0 glaive and wearing a +0 scale mail (lightly wounded, unusually strong)
You shoot a stone. The stone hits the sixfirhy!
The sixfirhy is almost dead.
The sixfirhy hits you! The sixfirhy shocks you!
You block the sixfirhy's attack. x2; The sixfirhy hits you!
* * * LOW HITPOINT WARNING * * *
The sixfirhy shocks you!
* * * LOW HITPOINT WARNING * * *
The neqoxec gestures.
The orc knight hits you with a +2 great mace of crushing.
* * * LOW HITPOINT WARNING * * *
x2 Firing (i - inventory. (/) - cycle)
e - 159 stones (quivered)
Press: ? - help, Shift-Dir - straight line, f/p - orc high priest
Aim: an orc high priest, wielding a +0 glaive and wearing a +0 scale mail (lightly wounded, unusually strong)
You shoot a stone. The stone hits the sixfirhy.
The sixfirhy evaporates and reforms as a neqoxec!
Firing (i - inventory. (/) - cycle)
e - 158 stones (quivered)
Press: ? - help, Shift-Dir - straight line, f/p - orc high priest
Aim: an orc high priest, wielding a +0 glaive and wearing a +0 scale mail (lightly wounded, unusually strong)
You shoot a stone. The stone hits the neqoxec.
The stone burns the neqoxec.
The neqoxec is lightly wounded.
You block the neqoxec's attack. The orc warrior closely misses you.
The orc knight hits you with a +2 great mace of crushing!!
* * * LOW HITPOINT WARNING * * *
x2 The orc high priest invokes the aid of Beogh against you.
Beogh smites you!
You die...

...#....# #......#..........##..
...#.=..# #......#^.........##..
...#....# #....###########......
##'#....# #...##.........##.##..
.....#########.#3.5## ##.. #.##..
.....#.......#.#o55$#.#.o..#.####
.....'.......#.#3#:.....o#o#.#...
##...#.........#3##.8.8.##.#.#...
≈#...#........©#@#|.._...#o#©....
≈#...##..##..#.#o##.8.8.##o#.....
≈######..##..#.#o#.......#.#.....
≈# #...#..#.#.)..#o#..o.#..... ≈#
#...#..#.#...## ##...#..### ≈###
########.##....©....##..#..
≈#.#####........###############..
##.....+...........#....+.....#..
'......#...........'....#.....#..


You could see an orc knight, an orc high priest, a sun demon, 2 neqoxecs, an orc
warrior, an iron imp, a quasit and a crimson imp.

Vanquished Creatures
  Gastronok (D:8)
  A stone giant (D:9)
  Snorg (D:10)
  Josephine (Orc:2)
  14 two-headed ogres
  4 ogre magi (Orc:2)
  An unseen horror (D:10)
  Pikel (D:8)
  An ugly thing (D:8)
  4 orc sorcerers
  An orc knight (D:9)
  Psyche (D:9)
  A kobold demonologist (D:11)
  Grinder (D:3)
  2 trolls (D:9)
  3 hippogriffs
  Sigmund (D:3)
  A shadow (D:11)
  A wyvern (D:9)
  2 vampires
  5 wraiths (Orc:2)
  A yak (D:9)
  Eustachio (D:4)
  Menkaure (D:6)
  Edmund (D:4)
  11 orc warriors
  A water moccasin (D:11)
  A porcupine (D:9)
  A hornet zombie (D:11)
  The ghost of Lavandula the Scratcher, an amateur FeWr (D:6)
  2 ice beasts
  4 black bears
  2 sky beasts
  4 slaves (D:8)
  5 necrophages
  2 phantoms
  5 centaurs
  29 ogres
  A crocodile (D:9)
  The ghost of Esekla the Magician, an amateur DEWz (D:4)
  Blork the orc (D:6)
  A wyvern zombie (D:6)
  6 bullfrogs
  3 killer bees (D:9)
  6 scorpions
  3 crimson imps
  2 bullfrog zombies
  A quasit (D:8)
  2 centaur skeletons
  6 jellies
  A gnoll shaman (D:9)
  10 orc priests
  12 orc wizards
  4 bullfrog skeletons
  An iguana (D:10)
  Ijyb (D:4)
  5 worker ants
  2 killer bee zombies (D:6)
  A hound zombie (D:5)
  A hound skeleton (D:6)
  5 worker ant zombies
  7 gnolls
  8 adders
  A hound simulacrum (D:6)
  2 shadow imps
  9 oozes
  3 adder zombies
  An adder skeleton (D:9)
  4 worms
  2 dart slugs
  6 leopard geckos
  61 orcs
  7 giant cockroaches
  8 goblins
  9 hobgoblins
  14 jackals
  12 kobolds
  3 quokkas
  4 ball pythons
  10 bats
  3 frilled lizards
  2 jackal skeletons
  A leopard gecko skeleton (D:9)
  A quokka zombie (D:5)
  2 rats
  A bush (D:6)
  3 plants
380 creatures vanquished.

Vanquished Creatures (others)
  10 fungi (D:9)
  4 plants (D:6)
  8 toadstools (D:2)
22 creatures vanquished.

Grand Total: 402 creatures vanquished

Notes
Turn   | Place    | Note
-------+----------+-------------------------------------------
     0 | D:1      | Amnesiac the Troll Hunter began the quest for the Orb.
     0 | D:1      | Reached XP level 1. HP: 19/19 MP: 0/0
    36 | D:2      | Reached skill level 4 in Throwing
    36 | D:2      | Reached XP level 2. HP: 8/27 MP: 1/1
   103 | D:1      | Reached XP level 3. HP: 33/33 MP: 2/2
   317 | D:3      | Noticed Grinder
   323 | D:3      | Killed Grinder
   323 | D:3      | Reached skill level 6 in Throwing
   323 | D:3      | Reached XP level 4. HP: 41/41 MP: 3/3
   323 | D:3      | Reached XP level 5. HP: 48/48 MP: 4/4
   376 | D:4      | Noticed Ijyb
   397 | D:4      | Killed Ijyb
   397 | D:4      | Reached XP level 6. HP: 55/55 MP: 5/5
   403 | D:4      | Noticed Eustachio
   524 | D:4      | Killed Eustachio
   524 | D:4      | Reached skill level 7 in Throwing
   652 | D:4      | Noticed Edmund
   654 | D:4      | Killed Edmund
   654 | D:4      | Reached XP level 7. HP: 62/62 MP: 6/6
   713 | D:4      | Reached skill level 8 in Throwing
   859 | D:4      | Noticed Esekla's ghost (amateur DEWz)
   860 | D:4      | Found a runed translucent door.
   871 | D:4      | Killed Esekla's ghost
  1238 | D:5      | Entered Level 5 of the Dungeon
  1530 | D:5      | Reached skill level 9 in Throwing
  1578 | D:5      | Learned a level 3 spell: Confuse
  1971 | D:6      | Reached XP level 8. HP: 70/70 MP: 7/7
  2018 | D:6      | Noticed Menkaure
  2025 | D:6      | Killed Menkaure
  2037 | D:6      | Found a blossoming altar of Fedhas.
  2133 | D:6      | Reached skill level 10 in Throwing
  2463 | D:6      | Found a runed translucent gate.
  2463 | D:6      | Found a runed translucent gate.
  2463 | D:6      | Found a runed translucent gate.
  2463 | D:6      | Noticed Lavandula's ghost (amateur FeWr)
  2487 | D:6      | Killed Lavandula's ghost
  2825 | D:6      | Reached skill level 11 in Throwing
  2911 | D:6      | Noticed Blork the orc
  2912 | D:6      | Killed Blork the orc
  3030 | D:6      | Reached XP level 9. HP: 76/76 MP: 8/8
  3447 | D:7      | Found a staircase to the Ecumenical Temple.
  3539 | D:8      | Noticed a red ugly thing
  3546 | D:8      | Killed a red ugly thing
  3546 | D:8      | Reached skill level 12 in Throwing
  3610 | D:8      | Noticed Pikel
  3642 | D:8      | Killed Pikel
  3909 | D:8      | Reached skill level 13 in Throwing
  4054 | D:8      | Noticed Gastronok
  4074 | Temple   | Entered the Ecumenical Temple
  4084 | Temple   | Became a worshipper of Warmaster Okawaru
  4213 | D:8      | Killed Gastronok
  4213 | D:8      | Reached * piety under Okawaru
  4213 | D:8      | Reached ** piety under Okawaru
  4213 | D:8      | Reached *** piety under Okawaru
  4213 | D:8      | Reached skill level 14 in Throwing
  4213 | D:8      | Reached XP level 10. HP: 85/85 MP: 9/9
  6134 | D:3      | Noticed Sigmund
  6146 | D:3      | Killed Sigmund
  6991 | D:7      | Found Xopy's Weapon Shop.
  7581 | D:9      | Found a staircase to the Lair.
  7596 | D:9      | Found a staircase to the Orcish Mines.
  7730 | D:9      | Reached skill level 15 in Throwing
  7748 | D:9      | Reached **** piety under Okawaru
  8036 | D:9      | Reached XP level 11. HP: 92/92 MP: 10/10
  8155 | D:9      | Noticed Psyche
  8156 | D:9      | Killed Psyche
  8442 | D:9      | Found Riagh's Distillery.
  8448 | D:9      | Bought a potion of heal wounds for 70 gold pieces
  8448 | D:9      | Bought 2 potions of curing for 84 gold pieces
  8448 | D:9      | Bought 2 potions of degeneration for 28 gold pieces
  8451 | D:9      | Bought a potion of agility for 56 gold pieces
  8451 | D:9      | Bought a potion of haste for 140 gold pieces
  8451 | D:9      | Bought a potion of heal wounds for 70 gold pieces
  9128 | Orc:1    | Entered Level 1 of the Orcish Mines
  9128 | Orc:1    | Noticed a stone giant
  9128 | Orc:1    | Noticed an orc knight
  9282 | D:9      | Killed an orc knight
  9282 | D:9      | Received a gift from Okawaru
  9424 | D:9      | Killed a stone giant
  9571 | D:9      | Reached skill level 16 in Throwing
  9617 | D:9      | Received a gift from Okawaru
  9641 | Orc:1    | Noticed an orc sorcerer
  9720 | D:9      | Killed an orc sorcerer
  9720 | D:9      | Reached skill level 1 in Invocations
  9846 | Orc:1    | Reached skill level 1 in Shields
  9942 | Orc:1    | Reached skill level 1 in Armour
 10206 | Orc:2    | Entered Level 2 of the Orcish Mines
 10235 | Orc:2    | Reached skill level 1 in Evocations
 10266 | Orc:2    | Noticed a two-headed ogre
 10266 | Orc:2    | Noticed a two-headed ogre
 10266 | Orc:2    | Noticed a two-headed ogre
 10315 | Orc:1    | Killed a two-headed ogre
 10346 | Orc:1    | Killed a two-headed ogre
 10346 | Orc:1    | Reached ***** piety under Okawaru
 10362 | Orc:2    | Noticed an orc sorcerer
 10373 | Orc:2    | Killed an orc sorcerer
 10373 | Orc:2    | Received a gift from Okawaru
 10394 | Orc:2    | Found a staircase to the Elven Halls.
 10425 | Orc:2    | Noticed an orc sorcerer
 10437 | Orc:2    | Killed an orc sorcerer
 10460 | Orc:2    | Noticed an ogre mage
 10467 | Orc:2    | Noticed Josephine
 10477 | Orc:2    | Killed an ogre mage
 10490 | Orc:2    | Killed Josephine
 10490 | Orc:2    | Reached XP level 12. HP: 86/104 MP: 11/14
 10550 | Orc:2    | Noticed an ogre mage
 10561 | Orc:2    | Killed an ogre mage
 10574 | Orc:2    | Received a gift from Okawaru
 10597 | Orc:2    | Noticed an ogre mage
 10609 | Orc:2    | Killed an ogre mage
 10614 | Orc:2    | Noticed an ogre mage
 10614 | Orc:2    | Noticed a two-headed ogre
 10614 | Orc:2    | Noticed a two-headed ogre
 10636 | Orc:2    | Killed an ogre mage
 10636 | Orc:2    | Killed a two-headed ogre
 10636 | Orc:2    | Received a gift from Okawaru
 10645 | Orc:2    | Noticed a two-headed ogre
 10653 | Orc:2    | Killed a two-headed ogre
 10653 | Orc:2    | Reached skill level 5 in Invocations
 10670 | Orc:2    | Killed a two-headed ogre
 10698 | Orc:2    | Noticed a two-headed ogre
 10701 | Orc:2    | Noticed a two-headed ogre
 10704 | Orc:2    | Killed a two-headed ogre
 10711 | Orc:2    | Killed a two-headed ogre
 10731 | Orc:2    | Noticed a two-headed ogre
 10745 | Orc:2    | Killed a two-headed ogre
 10886 | Orc:2    | Killed a two-headed ogre
 10886 | Orc:2    | Received a gift from Okawaru
 10994 | Orc:2    | Noticed a two-headed ogre
 11000 | Orc:2    | Killed a two-headed ogre
 11009 | Orc:2    | Noticed a two-headed ogre
 11015 | Orc:2    | Killed a two-headed ogre
 11257 | Orc:2    | Noticed a two-headed ogre
 11266 | Orc:2    | Killed a two-headed ogre
 11266 | Orc:2    | Received a gift from Okawaru
 11361 | Orc:2    | Noticed a two-headed ogre
 11370 | Orc:2    | Killed a two-headed ogre
 11370 | Orc:2    | Reached XP level 13. HP: 114/114 MP: 16/16
 11430 | Orc:2    | Found Qumis's Food Emporium.
 11430 | Orc:2    | Found Rougax's Book Shop.
 11431 | Orc:2    | Found Alluss's Book Boutique.
 11431 | Orc:2    | Found Faigaacw's Book Emporium.
 11463 | Orc:2    | Received a gift from Okawaru
 11609 | D:10     | Entered Level 10 of the Dungeon
 11699 | D:10     | Noticed Snorg
 11719 | D:10     | Killed Snorg
 12433 | D:11     | Learned a level 3 spell: Tukima's Dance
 12495 | D:11     | Found a roughly hewn altar of Beogh.
 12495 | D:11     | Found a transporter.
 12892 | D:11     | Found a transporter.
 13100 | D:11     | Killed from afar by an orc high priest

Levels and vault maps discovered:
D:1:      evilmike_arrival_crescent, layout_basic, minmay_tetromino_s4
D:2:      cheibrodos_fertilizer, layout_basic, first_ration, minmay_distorted
D:3:      cheibrodos_helix_gallery, layout_rooms, st_stairs_2,
          wander_ebering_terrifying_dragon_lair, uniq_sigmund, uniq_grinder
D:4:      layout_cave_pods, gammafunk_ghost_grave, serial_bayou_pond_a,
          uniq_ijyb, uniq_eustachio, uniq_edmund
D:5:      layout_rooms, minmay_misc_feat_doors
D:6:      layout_cave_pods, fedhas_altar_decomposition,
          gammafunk_ghost_necromancy, minmay_misc_feat_pillars, uniq_menkaure,
          uniq_blork_the_orc
D:7:      layout_loops_ring, minmay_temple_entry_from_below_a, serial_shops,
          nicolae_shop_statue_plus
D:8:      layout_basic, uniq_pikel, uniq_gastronok
D:9:      layout_basic, due_lair_maze_entry_diamond, orc_0_dummy, serial_shops,
          shop_fountains, uniq_psyche
D:10:     layout_rooms, uniq_snorg
D:11:     gammafunk_beogh_shrine, layout_gridville, kennysheep_generic_room_8
Temple:   compressed_dpeg_circular_temple
Orc:1:    layout_diamond_mine, mines2_lemuel
Orc:2:    st_orc_ogre_mass, layout_caves, gauntlet_entry_generic,
          nicolae_orc_stony_grotto, nicolae_orc_rockfall, abandoned_shop,
          uniq_josephine

Skill      XL: |  1  2  3  4  5  6  7  8  9 10 11 12 13 |
---------------+----------------------------------------+-----
Throwing       | 4 6 7 9 11 14 15 16 | 16.0
Invocations    | 4 6 7 |  7.0
Shields        | 2 4 |  4.3
Armour         | 2 4 |  4.3
Evocations     | 2 3 4 |  4.0
Fighting       | 2 4 |  4.3
Dodging        | 2 4 |  4.4
Stealth        | |  0.3

Action                   |  1- 3 |  4- 6 |  7- 9 | 10-12 | 13-15 || total
-------------------------+-------+-------+-------+-------+-------++-------
Melee: Unarmed           |    41 |    49 |   321 |   270 |       ||   681
 Fire: Hunting sling     |       |       |       |   165 |   167 ||   332
Throw: Stone             |     7 |     1 |   170 |   370 |       ||   548
       Large rock        |     3 |     8 |    38 |    10 |    11 ||    70
       Throwing net      |       |     2 |     4 |     1 |       ||     7
       Dart              |       |       |    12 |   186 |     4 ||   202
       Javelin           |       |       |       |     7 |       ||     7
Invok: Heroism           |       |       |       |     5 |     1 ||     6
Evoke: Wand              |       |     2 |       |       |       ||     2
  Use: Scroll            |       |       |     5 |     6 |     5 ||    16
       Potion            |       |       |       |     4 |       ||     4
 Stab: Sleeping          |       |       |     1 |     2 |       ||     3
  Eat: Chunk             |     7 |     5 |    32 |    66 |     9 ||   119
Armor: Robe              |    28 |   101 |   143 |    89 |    33 ||   394
       Skin              |       |       |       |     6 |       ||     6
Dodge: Dodged            |    32 |   133 |   143 |    65 |    18 ||   391
Block: Large shield      |       |       |   156 |   257 |    84 ||   497

Table legend:
 A = Non-vault XP
 B = Vault XP
 C = Vault XP percentage of total XP
 D = Non-vault monster count
 E = Vault monster count
 F = Vault count percentage of total count
                 A         B        C        D         E       F
            +---------+---------+-------+---------+---------+-------
      Total |   15626 |   28668 |  64.7 |     263 |     109 |  29.3
            +---------+---------+-------+---------+---------+-------
        D:1 |      39 |       4 |   9.3 |      14 |       2 |  12.5
        D:2 |     135 |     154 |  53.3 |      21 |      20 |  48.8
        D:3 |      77 |     540 |  87.5 |      15 |       7 |  31.8
        D:4 |     204 |     487 |  70.5 |      15 |       4 |  21.1
        D:5 |     313 |       0 |   0.0 |      21 |       0 |   0.0
        D:6 |     940 |    1006 |  51.7 |      23 |      13 |  36.1
        D:7 |     656 |       0 |   0.0 |      17 |       0 |   0.0
        D:8 |    1544 |    3032 |  66.3 |      13 |       2 |  13.3
        D:9 |    5544 |    1554 |  21.9 |      58 |      11 |  15.9
       D:10 |    1660 |    1162 |  41.2 |      12 |       1 |   7.7
       D:11 |    1498 |     345 |  18.7 |      13 |       6 |  31.6
      Orc:1 |     546 |    1815 |  76.9 |      15 |       2 |  11.8
      Orc:2 |    2470 |   18569 |  88.3 |      26 |      41 |  61.2
            +---------+---------+-------+---------+---------+-------
